Workbook

Sheet ЛСР
N1: Приложение №
N2: к Договору подряда №
B3: ПОДРЯДЧИК: | D3: ЗАКАЗЧИК: | L3: ТЕХНИЧЕСКИЙ ЗАКАЗЧИК:
B7: _________________/
E8: Локальный сметный расчет №9
E9: Устройство системы Безопасный дом. ГП-76
A11: № | B11: Наименование | C11: Марка | D11: Характеристика | E11: Ед. изм. | F11: 76.1 | G11: 76.2 | H11: 76.3 | I11: 76.4 | J11: Кол-во | K11: Цена | L11: Сумма | M11: Примечание | N11: Форма закупа материала
A12: 11 | B12: Внутренние инженерные сети
A13: 11.23. | B13: Система "Безопасный дом"
A14: 11.23.01 | B14: Прокладка КПП, трубы
A15: 11.23.01.00. | B15: Прокладка КПП, трубы | L15: =L16+L18 -> 0
B16: Работа: | L16: =SUM(L17:L17) -> 0
B17: Прокладка КПП | E17: комплекс | F17: =F19 -> 465 | G17: =G19 -> 441 | H17: =H19 -> 414 | I17: =I19 -> 270 | J17: =SUM(F17:I17) -> 1590 | K17: =работа!K17 -> 0 | L17: =K17*J17 -> 0
B18: Материалы: | L18: =SUM(L19:L20) -> 0
B19: Кабель тип 1 | D19: КСПВГ 4х0,20 гибкий, 4 жилы медь, ПВХ. | E19: м. | F19: 465 | G19: 441 | H19: 414 | I19: 270 | J19: =SUM(F19:I19) -> 1590 | K19: =материалы!K16 -> 0 | L19: =K19*J19 -> 0 | N19: Закуп подрядчика
B20: Прочие материалы | L20: =SUM(L21:L22) -> 0 | N20: Закуп подрядчика
B21: Концевая изолированная заглушка (артикул 08-0701) КИЗ-1,2,8 мм /1,0-2,5 мм2 | E21: шт. | F21: 620 | G21: 588 | H21: 552 | I21: 360 | J21: =SUM(F21:I21) -> 2120 | K21: =материалы!K18 -> 0 | L21: =K21*J21 -> 0
B22: Дюбель-хомут 5-10мм нейлон (100шт. в пч.) | E22: шт. | F22: 930 | G22: 882 | H22: 828 | I22: 540 | J22: =SUM(F22:I22) -> 3180 | K22: =материалы!K19 -> 0 | L22: =K22*J22 -> 0
A23: 11.23.02 | B23: Установка оборудования
A24: 11.23.02.00. | B24: Установка оборудования | L24: =L25+L27 -> 0
B25: Работа: | L25: =SUM(L26:L26) -> 0
B26: Монтажные работы | E26: комплекс | F26: 1 | G26: 1 | H26: 1 | I26: 1 | J26: =SUM(F26:I26) -> 4 | K26: =работа!K21 -> 0 | L26: =K26*J26 -> 0
B27: Материалы: | L27: =SUM(L28) -> 0
B28: Извещатель охранный магнитоконтактный врезной монтаж «ИО 102-6» | E28: шт. | F28: 155 | G28: 147 | H28: 138 | I28: 90 | J28: =SUM(F28:I28) -> 530 | K28: =материалы!K22 -> 0 | L28: =K28*J28 -> 0 | N28: Закуп подрядчика
A29: 11.23.03 | B29: ПНР
A30: 11.23.03.00. | B30: ПНР | L30: =L31 -> 0
B31: Работа: | L31: =SUM(L32:L32) -> 0
B32: Пусконаладочные работы | E32: комплекс | F32: 1 | G32: 1 | H32: 1 | I32: 1 | J32: =SUM(F32:I32) -> 4 | K32: =работа!K25 -> 0 | L32: =K32*J32 -> 0
J33: Итого по ЛСР: | L33: =L30+L24+L15 -> 0
J34: в тч стоимость работ: | L34: =L31+L25+L16 -> 0
J35: в тч стоимость материалов: | L35: =L18+L27 -> 0
J36: в тч НДС:
B38: Примечание:
A39: - | B39: В случае, если один из перечисленных прочих материалов не был использован по факту при производстве работ, заказчик вправе откорректировать процент расходных материалов в актах выполненных работ (формы КС-2, КС-3), уменьшив на сумму исключенного материала.
A40: - | B40: Стоимость СМР учитывает - затраты на все второстепенные материалы и работы необходимые для осуществления полного комплекса работ, включая затраты: обеспечение технической водой для производства работ и бытовых целей; на мобилизацию, аренду и эксплуатацию всех необходимых механизмов, оборудования и инструментов, бытовых помещений и биотуалетов; на подъем материалов и разноску по этажам к местам производства работ; выполнение сопутствующих работ; вывоз мусора; накладные расходы, прибыль организации, налоги и иные издержки Подрядчика. Обеспечение безопасного производства работ на участке.
A41: - | B41: Стоимость материалов учитывает стоимость доставки.
A42: - | B42: В случае изменения системы налогообложения, риски увеличения стоимости договора относятся на сторону, чья система налогообложения изменяется

Sheet работа
N1: Приложение №
N2: к Договору подряда №
B3: ПОДРЯДЧИК: | D3: ЗАКАЗЧИК: | L3: ТЕХНИЧЕСКИЙ ЗАКАЗЧИК:
B7: _________________/
E8: Ведомость работ
E9: Устройство системы Безопасный дом. ГП-76
A11: № | B11: Наименование | C11: Марка | D11: Характеристика | E11: Ед. изм. | F11: 76.1 | G11: 76.2 | H11: 76.3 | I11: 76.4 | J11: Кол-во | K11: Цена | L11: Сумма | M11: Примечание | N11: Форма закупа материала
A12: 11 | B12: Внутренние инженерные сети
A13: 11.23. | B13: Система "Безопасный дом"
A14: 11.23.01 | B14: Прокладка КПП, трубы
A15: 11.23.01.00. | B15: Прокладка КПП, трубы
B16: Работа:
B17: Прокладка КПП | E17: комплекс | F17: 465 | G17: 441 | H17: 414 | I17: 270 | J17: 1590 | L17: =K17*J17 -> 0
A18: 11.23.02 | B18: Установка оборудования
A19: 11.23.02.00. | B19: Установка оборудования
B20: Работа:
B21: Монтажные работы | E21: комплекс | F21: 1 | G21: 1 | H21: 1 | I21: 1 | J21: 4 | L21: =K21*J21 -> 0
A22: 11.23.03 | B22: ПНР
A23: 11.23.03.00. | B23: ПНР
B24: Работа:
B25: Пусконаладочные работы | E25: комплекс | F25: 1 | G25: 1 | H25: 1 | I25: 1 | J25: =SUM(F25:I25) -> 4 | L25: =K25*J25 -> 0
J26: Итого стоимость работ | L26: =SUM(L17:L25) -> 0
B28: Примечание:
A29: - | B29: В случае, если один из перечисленных прочих материалов не был использован по факту при производстве работ, заказчик вправе откорректировать процент расходных материалов в актах выполненных работ (формы КС-2, КС-3), уменьшив на сумму исключенного материала.
A30: - | B30: Стоимость СМР учитывает - затраты на все второстепенные материалы и работы необходимые для осуществления полного комплекса работ, включая затраты: обеспечение технической водой для производства работ и бытовых целей; на мобилизацию, аренду и эксплуатацию всех необходимых механизмов, оборудования и инструментов, бытовых помещений и биотуалетов; на подъем материалов и разноску по этажам к местам производства работ; выполнение сопутствующих работ; вывоз мусора; накладные расходы, прибыль организации, налоги и иные издержки Подрядчика. Обеспечение безопасного производства работ на участке.
A31: - | B31: Стоимость материалов учитывает стоимость доставки.
A32: - | B32: В случае изменения системы налогообложения, риски увеличения стоимости договора относятся на сторону, чья система налогообложения изменяется

Sheet материалы
N1: Приложение №
N2: к Договору подряда №
B3: ПОДРЯДЧИК: | D3: ЗАКАЗЧИК: | L3: ТЕХНИЧЕСКИЙ ЗАКАЗЧИК:
B7: _________________/
E8: Ведомость материалов
E9: Устройство системы Безопасный дом. ГП-76
A11: № | B11: Наименование | C11: Марка | D11: Характеристика | E11: Ед. изм. | F11: 76.1 | G11: 76.2 | H11: 76.3 | I11: 76.4 | J11: Кол-во | K11: Цена | L11: Сумма | M11: Примечание | N11: Форма закупа материала
A12: 11 | B12: Внутренние инженерные сети
A13: 11.23. | B13: Система "Безопасный дом"
A14: 11.23.01 | B14: Прокладка КПП, трубы
A15: 11.23.01.00. | B15: Прокладка КПП, трубы
B16: Кабель тип 1 | D16: КСПВГ 4х0,20 гибкий, 4 жилы медь, ПВХ. | E16: м. | F16: 465 | G16: 441 | H16: 414 | I16: 270 | J16: =SUM(F16:I16) -> 1590 | L16: =K16*J16 -> 0 | N16: Закуп подрядчика
B17: Прочие материалы | N17: Закуп подрядчика
B18: Концевая изолированная заглушка (артикул 08-0701) КИЗ-1,2,8 мм /1,0-2,5 мм2 | E18: шт. | F18: 620 | G18: 588 | H18: 552 | I18: 360 | J18: =SUM(F18:I18) -> 2120 | L18: =K18*J18 -> 0
B19: Дюбель-хомут 5-10мм нейлон (100шт. в пч.) | E19: шт. | F19: 930 | G19: 882 | H19: 828 | I19: 540 | J19: =SUM(F19:I19) -> 3180 | L19: =K19*J19 -> 0
A20: 11.23.02 | B20: Установка оборудования
A21: 11.23.02.00. | B21: Установка оборудования
B22: Извещатель охранный магнитоконтактный врезной монтаж «ИО 102-6» | E22: шт. | F22: 155 | G22: 147 | H22: 138 | I22: 90 | J22: =SUM(F22:I22) -> 530 | L22: =K22*J22 -> 0 | N22: Закуп подрядчика
J23: Итого стоимость материаловв | L23: =SUM(L16:L22) -> 0
B25: Примечание:
A26: - | B26: В случае, если один из перечисленных прочих материалов не был использован по факту при производстве работ, заказчик вправе откорректировать процент расходных материалов в актах выполненных работ (формы КС-2, КС-3), уменьшив на сумму исключенного материала.
A27: - | B27: Стоимость СМР учитывает - затраты на все второстепенные материалы и работы необходимые для осуществления полного комплекса работ, включая затраты: обеспечение технической водой для производства работ и бытовых целей; на мобилизацию, аренду и эксплуатацию всех необходимых механизмов, оборудования и инструментов, бытовых помещений и биотуалетов; на подъем материалов и разноску по этажам к местам производства работ; выполнение сопутствующих работ; вывоз мусора; накладные расходы, прибыль организации, налоги и иные издержки Подрядчика. Обеспечение безопасного производства работ на участке.
A28: - | B28: Стоимость материалов учитывает стоимость доставки.
A29: - | B29: В случае изменения системы налогообложения, риски увеличения стоимости договора относятся на сторону, чья система налогообложения изменяется
